 Dungeon Crawl Stone Soup version 0.21-a0-621-gc60411f (webtiles) character file.

56 slep the Slasher (level 3, 0/28 HPs)
             Began as a Demonspawn Gladiator on Dec 24, 2017.
             Slain by Natasha (8 damage)
             ... on level 2 of the Dungeon.
             The game lasted 00:03:32 (834 turns).

slep the Slasher (Demonspawn Gladiator)              Turns: 834, Time: 00:03:33

Health: 0/28       AC:  5    Str: 14    XL:     3   Next: 69%
Magic:  3/3        EV: 13    Int:  9    God:
Gold:   63         SH:  0    Dex: 15    Spells: 2/2 levels left

rFire    . . .     SeeInvis .   a - +0 long sword
rCold    + . .     Gourm    .   (no shield)
rNeg     . . .     Faith    .   b - +0 leather armour
rPois    .         Spirit   .   c - +0 helmet
rElec    .         Reflect  .   g - +0 cloak
rCorr    .         Harm     .   (no gloves)
MR       .....                  (no boots)
Stlth    +.........             (no amulet)
HPRegen  0.09/turn              h - ring of protection from cold
MPRegen  0.08/turn              (no ring)

@: no status effects
A: talons 1
a: no special abilities


You were on level 2 of the Dungeon.
You were not hungry.

You visited 1 branch of the dungeon, and saw 2 of its levels.

You collected 63 gold pieces.

Inventory:

Hand Weapons
 a - a +0 long sword (weapon)
Missiles
 d - 3 throwing nets (quivered)
Armour
 b - a +0 leather armour (worn)
 c - a +0 helmet (worn)
 g - a +0 cloak (worn)
Jewellery
 h - a ring of protection from cold (left hand)
Scrolls
 i - a scroll of immolation {unknown}
 l - a scroll of amnesia {unknown}
 m - a scroll of identify {unknown}
 n - a scroll of fear {unknown}
Potions
 e - 2 potions of heal wounds {unknown}
 j - a potion of curing {unknown}
 k - a potion of lignification {unknown}
 o - a potion of ambrosia {unknown}
Comestibles
 f - 3 rations


   Skills:
 + Level 2.4 Fighting
 + Level 3.4 Long Blades
 + Level 1.8 Throwing
 + Level 0.5 Armour
 + Level 3.1 Dodging
 + Level 0.2 Stealth


You had 2 spell levels left.
You didn't know any spells.

Dungeon Overview and Level Annotations

Branches:
Dungeon (2/15)

Altars:
The Shining One

Annotations:
D:2 Natasha


Innate Abilities, Weirdness & Mutations

You have sharp toenails.


Message History

You hit Natasha. You claw Natasha, but do no damage.
Natasha is moderately wounded.
Natasha claws you but does no damage.
You barely miss Natasha.
Natasha is moderately wounded.
Natasha hisses.
Natasha barely misses you.
You riposte.
You hit Natasha but do no damage. You claw Natasha.
Natasha is moderately wounded.
You completely miss Natasha. Your kick misses Natasha.
Natasha is moderately wounded.
Natasha casts a spell.
You closely miss Natasha. You claw Natasha, but do no damage.
Natasha is moderately wounded.
Natasha claws you. x2
* * * LOW HITPOINT WARNING * * *
Your leather armour prevents you from hitting Natasha.
Natasha is moderately wounded.
Natasha claws you!
You die...

###########
.?...5h@..#
...>.5###.# ##### #.#
#.###.#######
#...........#
#####.#####.#
###.#####.########
..##................#
............(...(###.#


You could see Natasha and 2 crimson imps.

Vanquished Creatures
  4 oozes (D:1)
  A dart slug (D:1)
  A leopard gecko (D:1)
  A giant cockroach (D:1)
  3 goblins (D:1)
  8 hobgoblins
  2 jackals (D:1)
  6 kobolds
  A ball python (D:1)
  2 frilled lizards (D:1)
  4 rats (D:1)
33 creatures vanquished.

Notes
Turn   | Place    | Note
-------+----------+-------------------------------------------
     0 | D:1      | slep the Demonspawn Gladiator began the quest for the Orb.
     0 | D:1      | Reached XP level 1. HP: 16/16 MP: 1/1
    23 | D:1      | Gained mutation: You have sharp toenails. [demonic ancestry]
    23 | D:1      | Reached XP level 2. HP: 16/22 MP: 2/2
   256 | D:1      | Reached XP level 3. HP: 20/27 MP: 3/3
   690 | D:1      | Found a glowing golden altar of the Shining One.
   826 | D:2      | Noticed Natasha
   834 | D:2      | Slain by Natasha

Vault maps used:
D:1:      onia_arrival_handbag, tso_altar
D:2:      uniq_natasha

Skill      XL: |  1  2 |
---------------+-------+-----
Long Blades    | 3 |  3.4
Dodging        | 3 |  3.1
Fighting       | |  2.4
Throwing       | |  1.8
Armour         | |  0.5
Stealth        | |  0.2

Action                   || total
-------------------------++-------
Melee: Long sword        ||    78
       Kick              ||    17
 Stab: Sleeping          ||     3
Armor: Leather armour    ||    33
Dodge: Dodged            ||    64
       Rpst.: Long sword ||    18

Table legend:
 A = Spawn XP
 B = Non-spawn XP
 C = Spawn XP percentage of total XP
 D = Spawn monster count
 E = Non-spawn monster count
 F = Spawn count percentage of total count
 G = Total turns spent on level
                    A         B        C        D         E        F      G
               +---------+---------+-------+---------+---------+-------+---------
         Total |       0 |      80 |   0.0 |       0 |      33 |   0.0 |   834
               +---------+---------+-------+---------+---------+-------+---------
           D:1 |       0 |      74 |   0.0 |       0 |      30 |   0.0 |   795
           D:2 |       0 |       6 |   0.0 |       0 |       3 |   0.0 |    39
               +---------+---------+-------+---------+---------+-------+---------
